 Dungeon Crawl Stone Soup version 0.25-a0-306-g3faca94807 (webtiles) character file.

Game seed: 17491383538863689968, levelgen mode: deterministic

371 DerDa the Magician (level 6, -2/36 HPs)
             Began as an Octopode Fire Elementalist on Dec 21, 2019.
             Slain by a quokka (5 damage)
             ... on level 4 of the Dungeon.
             The game lasted 00:12:39 (4029 turns).

DerDa the Magician (Octopode Fire Elementalist)     Turns: 4029, Time: 00:12:40

Health: -2/36      AC:  1    Str:  7    XL:     6   Next: 70%
Magic:  11/13      EV: 13    Int: 20    God:
Gold:   139        SH:  0    Dex: 12    Spells: 10/14 levels left

rFire    . . .     SeeInvis .   q - +0 falchion
rCold    . . .     Gourm    .   (no shield)
rNeg     . . .     Faith    .   (helmet restricted)
rPois    .         Spirit   .   (no amulet)
rElec    .         Reflect  .   (no ring)
rCorr    .         Harm     .   (no ring)
MR       .....                  (no ring)
Stlth    +++.......             (no ring)
HPRegen  0.12/turn              (no ring)
MPRegen  0.13/turn              (no ring)
                                (no ring)
                                (no ring)

@: no status effects
A: almost no armour, stealthy swim, amphibious, 8 rings, constrict 8, camouflage
1, gelatinous body 1
a: no special abilities


You were on level 4 of the Dungeon.
You were not hungry.

You visited 1 branch of the dungeon, and saw 4 of its levels.

You collected 139 gold pieces.

Inventory:

Hand Weapons
 c - a +0 hunting sling
 q - a +0 falchion (weapon)
Missiles
 a - 149 stones (quivered)
 j - 63 sling bullets
 u - 6 poisoned darts
 v - 18 bolts
Scrolls
 g - a scroll of amnesia
 i - a scroll of fear
 p - a scroll of teleportation
Potions
 d - a potion of haste {unknown}
 e - 2 potions of cancellation {unknown}
 l - 3 potions of mutation {unknown}
 n - a potion of heal wounds {unknown}
 o - a potion of might {unknown}
 r - 2 potions of agility {unknown}
 t - a potion of curing {unknown}
Comestibles
 b - 8 rations


   Skills:
 - Level 2.0 Dodging
 - Level 2.6 Stealth
 * Level 4.6 Spellcasting
 + Level 3.3 Conjurations
 + Level 4.4 Fire Magic


You had 10 spell levels left.
You knew the following spells:

 Your Spells              Type           Power        Failure   Level  Hunger
a - Foxfire               Conj/Fire      ###.         2%          1    None
b - Conjure Flame         Conj/Fire      ###.....     8%          3    ##.....

Your spell library contained the following spells:

 Spells                   Type           Power        Failure   Level  Hunger
 Inner Flame              Hex/Fire       ##......     14%         3    ##.....
 Sticky Flame             Conj/Fire      ###.....     24%         4    ####...
 Fireball                 Conj/Fire      ###.......   56%         5    ######.


Dungeon Overview and Level Annotations

Branches:
Dungeon (4/15)
 Temple: D:4-7

Altars:
Elyvilon
Okawaru

Annotations:
D:3 1 runed translucent door, Crazy Yiuf
D:4 Edmund


Innate Abilities, Weirdness & Mutations

You cannot wear most types of armour.
You are very stealthy in the water. (Stealth+)
You are amphibious.
You can wear up to eight rings at the same time.
You can use your tentacles to constrict eight enemies at once.
Your skin changes colour to match your surroundings (Stealth+).
Your rubbery body absorbs attacks. (AC +1, EV +1)


Message History

The quokka completely misses you. The quokka barely misses you.
You riposte.
You hit the quokka. You grab the quokka.
The quokka is heavily wounded.
You release your grip on the quokka.
The quokka bites you.
* * * LOW HITPOINT WARNING * * *
The quokka bites you.
* * * LOW HITPOINT WARNING * * *
The iguana hisses menacingly.
The quokka bites you but does no damage.
The quokka closely misses you.
You riposte.
You hit the quokka but do no damage. Your grab misses the quokka.
The quokka bites you.
* * * LOW HITPOINT WARNING * * *
The quokka completely misses you.
There is a stone staircase leading up, spattered with blood here.
You see here a throwing net.
The quokka bites you.
You die...

#######.# #####. #.#
#...#. ### #.#
#..... ..# #.#
......# #.########
#.# .......
#.#......# ##.#
>....
##.#.####.###..###
#..###....#
#.........
#....)@#..#
#####.####
#.####r..## #.# #
##.##########.#
.#####l###........#
#.........l.########
#######.##### ...#
#####


You could see an iguana and a quokka.

Vanquished Creatures
  An ogre (D:4)
  A scorpion (D:4)
  A worker ant (D:4)
  5 gnolls
  5 adders
  3 worms (D:2)
  3 dart slugs
  A leopard gecko (D:1)
  6 orcs
  3 ball pythons
  4 giant cockroaches
  11 goblins
  7 hobgoblins
  14 jackals
  10 kobolds
  9 bats
  A frilled lizard (D:1)
  8 rats
93 creatures vanquished.

Vanquished Creatures (others)
  190 foxfires
190 creatures vanquished.

Grand Total: 283 creatures vanquished

Notes
Turn   | Place    | Note
-------+----------+-------------------------------------------
     0 | D:1      | DerDa the Octopode Fire Elementalist began the quest for
                  | the Orb.
     0 | D:1      | Reached XP level 1. HP: 11/11 MP: 3/3
    98 | D:1      | Reached XP level 2. HP: 17/17 MP: 3/5
   258 | D:1      | Reached XP level 3. HP: 16/21 MP: 2/6
  1039 | D:2      | Learned a level 3 spell: Conjure Flame
  1047 | D:2      | Reached XP level 4. HP: 12/27 MP: 4/8
  1086 | D:2      | Found an iron altar of Okawaru.
  2040 | D:2      | Reached XP level 5. HP: 28/31 MP: 5/10
  2117 | D:3      | Found a white marble altar of Elyvilon.
  2725 | D:3      | Found a runed translucent door.
  2729 | D:3      | Noticed Crazy Yiuf
  3662 | D:4      | Noticed an ogre
  3696 | D:4      | Killed an ogre
  3696 | D:4      | Reached XP level 6. HP: 36/36 MP: 4/12
  3721 | D:4      | Noticed Edmund
  4029 | D:4      | Slain by a quokka

Levels and vault maps discovered:
D:1:      eino_arrival_cavern_d, layout_basic
D:2:      layout_basic, lemuel_crystal_altar
D:3:      layout_loops_ring, old_standard_altar, first_ration,
          uniq_crazy_yiuf_cottage
D:4:      layout_loops_ring, uniq_edmund

Skill      XL: |  1  2  3  4  5 |
---------------+----------------+-----
Spellcasting   | 3 4 |  4.6
Conjurations   | 2 3 |  3.3
Fire Magic     | 4 |  4.4
Dodging        | |  2.0
Stealth        | |  2.6

Action                   |  1- 3 |  4- 6 || total
-------------------------+-------+-------++-------
Melee: Unarmed           |     7 |       ||     7
       Constrict         |     8 |    36 ||    44
       Club              |    12 |    33 ||    45
       Tentacles         |     3 |    16 ||    19
       Falchion          |       |    65 ||    65
 Cast: Foxfire           |    40 |    73 ||   113
       Conjure Flame     |       |     3 ||     3
  Use: Scroll            |       |     6 ||     6
 Stab: Sleeping          |       |     4 ||     4
  Eat: Chunk             |       |    10 ||    10
Armor: Skin              |     2 |    15 ||    17
Dodge: Dodged            |    22 |   106 ||   128
       Rpst.: Falchion   |       |    21 ||    21

Table legend:
 A = Non-vault XP
 B = Vault XP
 C = Vault XP percentage of total XP
 D = Non-vault monster count
 E = Vault monster count
 F = Vault count percentage of total count
                 A         B        C        D         E       F
            +---------+---------+-------+---------+---------+-------
      Total |     530 |       0 |   0.0 |      93 |       0 |   0.0
            +---------+---------+-------+---------+---------+-------
        D:1 |      58 |       0 |   0.0 |      23 |       0 |   0.0
        D:2 |      93 |       0 |   0.0 |      27 |       0 |   0.0
        D:3 |     109 |       0 |   0.0 |      37 |       0 |   0.0
        D:4 |     270 |       0 |   0.0 |       6 |       0 |   0.0
            +---------+---------+-------+---------+---------+-------
